 Dungeon Crawl Stone Soup version 0.25.1-8-g42b30a86e7 (webtiles) character file.

Game seed: 2932485200021317303

43033 Gabide the Stickfighter (level 14, -11/110 HPs)
             Began as a Human Abyssal Knight on Dec 2, 2020.
             Was the Champion of Lugonu.
             Mangled by a titanic slime creature (78 damage)
             ... on level 15 of the Dungeon.
             The game lasted 01:15:20 (18389 turns).

Gabide the Stickfighter (Human Abyssal Knight)     Turns: 18389, Time: 01:15:20

Health: -11/110    AC: 33    Str: 14    XL:     14   Next: 58%
Magic:  16/16      EV: 14    Int: 16    God:    Lugonu [******]
Gold:   274        SH:  0    Dex: 10    Spells: 13/13 levels left

rFire    + . .     SeeInvis +   P - +2 lajatang (protect)
rCold    + . .     Gourm    .   (shield currently unavailable)
rNeg     . . .     Faith    +   l - +3 chain mail {rF+}
rPois    .         Spirit   .   (no helmet)
rElec    +         Reflect  .   L - +1 cloak of Starlight {rElec rC+ EV+4 Stlth--}
rCorr    .         Harm     .   O - +0 pair of gloves (curse)
MR       ++...                  h - +2 pair of boots of the Solstice {Regen+ Int+2 Dex-5 SInv}
Stlth    ..........             r - amulet of faith
HPRegen  0.68/turn              J - +4 ring of protection
MPRegen  0.15/turn              C - ring of protection from magic

@: protection aura, very slow
A: no striking features
a: Depart the Abyss, Bend Space, Banish, Corrupt, Enter the Abyss, Brand Weapon
With Distortion, Renounce Religion


You were on level 15 of the Dungeon.
You worshipped Lugonu.
Lugonu was exalted by your worship.
You were not hungry.

You visited 1 branch of the dungeon, and saw 15 of its levels.
You visited the Abyss 2 times.

You collected 982 gold pieces.
You spent 708 gold pieces at shops.

Inventory:

Hand Weapons
 t - a +6 quarterstaff of chaos
 v - the +1 lajatang of Balance {distort, MR+}
   (You acquired it on level 6 of the Dungeon)

   It warps and distorts space around it.
   Unwielding it can cause banishment or high damage.
   It affects your resistance to hostile enchantments.
 y - the +2 war axe of Indignation {flame, rC+}
   (You found it on level 7 of the Dungeon)

   It has been specially enchanted to burn those struck by it, causing extra
   injury to most foes and up to half again as much damage against particularly
   susceptible opponents.
   Big, fiery blades are also staple armaments of hydra-hunters.
   It protects you from cold.
 P - a +2 lajatang of protection (weapon)
Armour
 h - the +2 pair of boots of the Solstice (worn) {Regen+ Int+2 Dex-5 SInv}
   (You found it on level 6 of the Dungeon)

   It affects your intelligence (+2).
   It affects your dexterity (-5).
   It lets you see invisible.
   It increases your rate of regeneration.
 l - a +3 chain mail of fire resistance (worn)
 L - the +1 cloak of Starlight (worn) {rElec rC+ EV+4 Stlth--}
   (You bought it in a shop on level 8 of the Dungeon)

   It affects your evasion (+4).
   It protects you from cold.
   It insulates you from electricity.
   It makes you much less stealthy.
 O - a cursed +0 pair of gloves (worn)
Jewellery
 j - an uncursed ring of protection from magic
 r - an amulet of faith (around neck)
 A - an uncursed ring of wizardry
 B - an uncursed ring of fire
 C - a ring of protection from magic (right hand)
 J - a +4 ring of protection (left hand)
 R - an uncursed ring of see invisible
Wands
 b - a wand of random effects (24)
 k - a wand of enslavement (20)
 n - a wand of digging (11)
 q - a wand of iceblast (35)
 u - a wand of flame (17)
 z - a wand of polymorph (8)
 H - a wand of acid (2)
 Q - a wand of disintegration (12)
Scrolls
 d - 3 scrolls of teleportation
 e - 7 scrolls of remove curse
 i - a scroll of amnesia
 m - a scroll of blinking
 p - 2 scrolls of magic mapping
Potions
 a - a potion of cancellation
 f - 5 potions of mutation
 g - a potion of degeneration {unknown}
 o - 2 potions of heal wounds
 s - a potion of lignification
 w - 3 potions of stabbing {unknown}
 x - 3 potions of flight
 D - 2 potions of curing
 E - a potion of magic {unknown}
 G - 2 potions of resistance {unknown}
 I - a potion of brilliance
 K - a potion of invisibility {unknown}
Miscellaneous
 F - a tin of tremorstones (3/3)
 M - a phial of floods (inert)
Comestibles
 c - 11 rations


   Skills:
 + Level 10.1 Fighting
 - Level 2.9(4.3) Axes
   Level 4.8(11.8) Maces & Flails
 * Level 15.8(16.1) Staves
 + Level 10.8 Armour
 * Level 9.2 Dodging
 - Level 0.1 Stealth
   Level 0.2 Shields
 + Level 3.1 Invocations


You had 13 spell levels left.
You didn't know any spells.
Your spell library contained the following spells:

 Spells                   Type           Power        Failure   Level  Hunger
 Corona                   Hex            #......      98%         1    ##.....
 Foxfire                  Conj/Fire      #...         98%         1    ##.....
 Magic Dart               Conj           #...         98%         1    ##.....
 Summon Small Mammal      Summ           #...         98%         1    ##.....
 Call Imp                 Summ           #.......     99%         2    ###....
 Ensorcelled Hibernation  Hex/Ice        #.....       99%         2    ###....
 Searing Ray              Conj           #.....       99%         2    ###....
 Slow                     Hex            #.......     99%         2    ###....
 Call Canine Familiar     Summ           #.......     100%        3    ####...
 Confusing Touch          Hex            #.......     100%        3    ####...
 Dazzling Flash           Conj/Hex       #.....       100%        3    ####...
 Inner Flame              Hex/Fire       #.......     100%        3    ####...
 Portal Projectile        Hex/Tloc       #.....       100%        3    ####...
 Summon Guardian Golem    Hex/Summ       #.......     100%        3    ####...
 Tukima's Dance           Hex            #.......     100%        3    ####...
 Cause Fear               Hex            #.........   100%        4    #####..
 Fulminant Prism          Conj/Hex       #.........   100%        4    #####..
 Iskenderun's Mystic Bla  Conj/Tloc      #.......     100%        4    #####..
 Leda's Liquefaction      Hex/Erth       #.........   100%        4    #####..
 Summon Ice Beast         Ice/Summ       #.......     100%        4    #####..
 Summon Lightning Spire   Summ/Air       #.......     100%        4    #####..
 Dragon Form              Tmut           #.........   100%        7    #######
 Dragon's Call            Summ           #.........   100%        9    #######


Dungeon Overview and Level Annotations

Branches:
Dungeon (15/15)            Temple (0/1) D:5            Lair (0/6) D:9
    Orc (0/2) D:12         Vaults (0/5) D:13         Depths (0/5) D:15

Altars:
Cheibriados
Dithmenos
Fedhas
Hepliaklqana
Okawaru
Sif Muna
Trog
Xom
Zin
Beogh

Shops:
D:4 :   D:6 ?   D:8 [   D:12 (   D:13 [   D:14 [

Annotations:
Abyss:1 Psyche


Message History

The titanic slime creature is heavily wounded.
Evoke which item? (* to show all) (? for menu, Esc to quit)
Aiming: Corrosive Bolt
Press: ? - help, Shift-Dir - straight line, f/p - titanic slime creature
Aim: a titanic slime creature (heavily wounded)
The bolt of acid hits the titanic slime creature!
The titanic slime creature is splashed with acid.
The acid corrodes the titanic slime creature!
The titanic slime creature is heavily wounded.
You slash the titanic slime creature!
Your weapon exudes an aura of protection.
The titanic slime creature is heavily wounded.
You slice the titanic slime creature!!
The titanic slime creature is severely wounded.
The titanic slime creature hits you!!
You hit the titanic slime creature.
The titanic slime creature is severely wounded.
The titanic slime creature hits you!!!!
Ouch! That really hurt!
You die...

#.. #........#
#..###..#.# #.#
#.#...#...# #.#
#.........###.####
####≈###......##.####
#≈# #.#...........
#≈# #.#..####.###.
#J# #.#..# #.###. #@#
#.#..# ##..8.. #.#
#.#..###P....P #..
..#..##....... ####
#....P..8... #...8..8
#...8P.. .....8.>
........ #.P..P..


You could see a titanic slime creature (corroded).

Vanquished Creatures
  Agnes (D:14)
  Louise (D:14)
  Snorg (D:10)
  An ogre mage (D:15)
  Fannar (D:11)
  A hydra (D:13)
  5 two-headed ogres
  3 centaur warriors
  2 tengu warriors (D:14)
  Nergalle (D:10)
  2 skeletal warriors
  A deep elf archer (D:13)
  3 lindwurms (D:12)
  A necromancer (D:15)
  2 orc knights
  Pikel (D:8)
  A phantasmal warrior (D:15)
  A manticore (D:13)
  A deep elf mage (D:13)
  6 ugly things
  2 gargoyles (D:12)
  4 centaur zombies
  A kobold demonologist (D:13)
  An efreet (D:13)
  A guardian mummy (D:15)
  A queen bee (shapeshifter) (D:13)
  4 trolls
  11 slime creatures
  A deep troll zombie (D:15)
  A hippogriff (D:10)
  Grinder (D:4)
  A fire dragon zombie (D:15)
  Sigmund (D:2)
  An ice dragon skeleton (D:15)
  A shadow (D:12)
  A fire dragon skeleton (D:15)
  A tarantella (shapeshifter) (D:14)
  18 yaks
  A wyvern (D:15)
  2 hungry ghosts
  2 humans
  A steam dragon (D:5)
  Grum (D:8)
  A vampire mosquito (D:13)
  2 acid dragons
  A black bear (D:7)
  16 orc warriors
  A slave (D:8)
  5 ice beasts
  3 sky beasts
  4 phantoms
  A necrophage (D:9)
  10 ogres
  8 centaurs
  A wolf (D:8)
  10 big kobolds
  4 crocodiles
  A gnoll sergeant (D:5)
  9 bullfrogs
  2 wyvern zombies
  Dowan (D:5)
  2 wyvern skeletons
  6 scorpions
  14 killer bees
  4 wights (D:6)
  6 crimson imps
  2 howler monkeys
  4 jellies
  3 hounds
  A bullfrog zombie (D:11)
  10 orc priests
  Crazy Yiuf (D:4)
  4 bullfrog skeletons
  3 centaur skeletons
  Jessica (D:3)
  Ijyb (D:4)
  Terence (D:2)
  5 iguanas
  10 orc wizards
  9 worker ants
  A hound skeleton (D:7)
  6 gnolls
  2 worker ant zombies
  18 adders
  A howler monkey skeleton (D:5)
  3 shadow imps
  An adder zombie (D:6)
  2 dart slugs
  2 worms
  4 leopard geckos
  69 orcs
  6 bats
  2 giant cockroaches
  6 goblins
  10 hobgoblins
  16 kobolds
  5 quokkas
  A ball python (D:5)
  6 frilled lizards
  2 jackal zombies
  A quokka skeleton (D:8)
  A quokka zombie (D:5)
  2 rats
  2 fungi (D:4)
431 creatures vanquished.

Vanquished Creatures (collateral kills)
  A yak (D:9)
  A centaur (D:13)
  A quasit (D:11)
3 creatures vanquished.

Vanquished Creatures (others)
  A two-headed ogre (D:13)
  The ghost of Cykl0x the Shield-Bearer, a novice FoFi of the Shining One (D:6)
  A lindwurm (D:12)
  A deep elf mage (D:13)
  A gargoyle (D:12)
  A kobold demonologist (D:8)
  A komodo dragon (D:14)
  A yak (D:9)
  A basilisk (D:13)
  2 orc warriors
  An ice beast (D:7)
  A sky beast (D:13)
  A wolf (D:8)
  A centaur (D:13)
  A big kobold (D:8)
  A wyvern zombie (D:12)
  A crimson imp (D:7)
  A hound (D:13)
  An orc wizard (D:5)
  A worker ant (D:13)
  A gnoll (D:6)
  A shadow imp (D:13)
  3 orcs
  A withered plant (D:15)
27 creatures vanquished.

Grand Total: 461 creatures vanquished

Notes
Turn   | Place    | Note
-------+----------+-------------------------------------------
     0 | Abyss:1  | Gabide the Human Abyssal Knight began the quest for the
                  | Orb.
     0 | Abyss:1  | Reached XP level 1. HP: 18/18 MP: 2/2
    66 | Abyss:1  | Noticed a neqoxec
    67 | D:1      | Escaped the Abyss
   274 | D:1      | Reached * piety under Lugonu
   296 | D:1      | Reached XP level 2. HP: 21/24 MP: 3/3
  1091 | D:2      | Reached XP level 3. HP: 16/29 MP: 4/4
  1643 | D:2      | Found a glowing silver altar of Zin.
  1676 | D:2      | Noticed Sigmund
  1689 | D:2      | Killed Sigmund
  1689 | D:2      | Reached XP level 4. HP: 20/37 MP: 5/5
  1689 | D:2      | Reached XP level 5. HP: 23/42 MP: 6/6
  1689 | D:2      | Reached XP level 6. HP: 27/48 MP: 7/7
  1955 | D:2      | Noticed Terence
  2040 | D:2      | Killed Terence
  2113 | D:2      | Found a hazy altar of Hepliaklqana.
  2115 | D:2      | Found a shadowy altar of Dithmenos.
  2115 | D:2      | Noticed a shadow
  2655 | D:3      | Noticed Jessica
  2679 | D:3      | Reached ** piety under Lugonu
  2856 | D:3      | Found a blossoming altar of Fedhas.
  3031 | D:3      | Killed Jessica
  3044 | D:3      | Found a shimmering blue altar of Sif Muna.
  3450 | D:4      | Noticed a phantom
  3475 | D:4      | Killed a phantom
  3475 | D:4      | Reached skill level 1 in Axes
  3475 | D:4      | Reached XP level 7. HP: 44/54 MP: 8/8
  3530 | D:4      | Found Finas's Book Emporium.
  3591 | D:4      | Noticed Grinder
  3603 | D:4      | Paralysed by Grinder for 2 turns
  3605 | D:4      | Killed Grinder
  3864 | D:4      | Reached skill level 5 in Armour
  4070 | D:4      | Noticed Ijyb
  4083 | D:4      | Killed Ijyb
  4385 | D:4      | Found a runed translucent door.
  4386 | D:4      | Noticed Crazy Yiuf
  4398 | D:4      | Paralysed by Crazy Yiuf for 5 turns
  4403 | D:4      | Killed Crazy Yiuf
  4403 | D:4      | Reached XP level 8. HP: 37/60 MP: 9/9
  4578 | D:5      | Entered Level 5 of the Dungeon
  4627 | D:5      | Reached skill level 1 in Staves
  4664 | D:5      | Reached skill level 2 in Staves
  4679 | D:5      | Reached skill level 3 in Staves
  4769 | D:5      | Reached *** piety under Lugonu
  4922 | D:5      | Found a staircase to the Ecumenical Temple.
  5032 | D:5      | Noticed Duvessa
  5033 | D:5      | Noticed Dowan
  5040 | D:5      | Noticed Duvessa
  5040 | D:5      | Duvessa changed into Duvessa the steam dragon
  5044 | D:5      | Killed Duvessa the steam dragon
  5052 | D:5      | Reached skill level 4 in Staves
  5060 | D:5      | Killed Dowan
  5272 | D:5      | Found a bloodstained altar of Trog.
  5565 | D:5      | Reached XP level 9. HP: 55/66 MP: 10/10
  5828 | D:5      | Reached skill level 5 in Staves
  6003 | D:5      | Got an iridescent dagger
  6004 | D:5      | Identified the +4 dagger "Taaxuf" {pain, MR- Str+3 Int+4
                  | Dex+9} (You found it on level 5 of the Dungeon)
  6071 | D:6      | Found Zopyar's Magic Scroll Emporium.
  6073 | D:6      | Bought a scroll of enchant weapon for 97 gold pieces
  6666 | D:6      | Reached skill level 6 in Staves
  7228 | D:6      | Found a runed translucent gate.
  7228 | D:6      | Noticed Cykl0x's ghost (novice FoFi)
  7229 | D:6      | Found a runed translucent gate.
  7230 | D:6      | Found a runed translucent gate.
  7238 | D:6      | Identified the +6 war axe of Destruction {protect, Str+3}
  7239 | D:6      | Found a roughly hewn altar of Beogh.
  7274 | D:6      | Found an iron altar of Okawaru.
  7324 | D:6      | Identified a scroll of acquirement
  7324 | D:6      | Acquired the +1 lajatang of Balance {distort, MR+}
  7349 | D:6      | Banished Cykl0x's ghost
  7349 | D:6      | Reached skill level 5 in Fighting
  7349 | D:6      | Reached skill level 7 in Staves
  7363 | D:6      | Reached XP level 10. HP: 39/74 MP: 11/11
  7393 | D:6      | Reached **** piety under Lugonu
  7634 | D:6      | Got a pair of translucent boots
  7641 | D:6      | Identified the +2 pair of boots of the Solstice {Regen+
                  | Int+2 Dex-5 SInv} (You found it on level 6 of the Dungeon)
  7705 | D:7      | Reached skill level 8 in Staves
  7960 | D:7      | Found a snail-covered altar of Cheibriados.
  8105 | D:7      | Got a slimy war axe
  8106 | D:7      | Identified the cursed +2 war axe of Indignation {flame,
                  | rC+} (You found it on level 7 of the Dungeon)
  8157 | D:7      | Reached skill level 9 in Staves
  8577 | D:8      | Noticed Grum
  8595 | D:8      | Killed Grum
  8656 | D:8      | Noticed a two-headed ogre
  8676 | D:8      | Killed a two-headed ogre
  8676 | D:8      | Reached skill level 10 in Staves
  8676 | D:8      | Reached skill level 5 in Dodging
  8681 | D:8      | Noticed a two-headed ogre
  8695 | D:8      | Killed a two-headed ogre
  8695 | D:8      | Reached XP level 11. HP: 37/81 MP: 12/12
  8799 | D:8      | Found Hybbonno's Armour Boutique.
  8803 | D:8      | Reached ***** piety under Lugonu
  8859 | D:8      | Reached skill level 11 in Staves
  8952 | D:8      | Noticed a two-headed ogre
  8954 | D:8      | Noticed Psyche
  9079 | D:8      | Banished Psyche
  9089 | D:8      | Killed a two-headed ogre
  9314 | D:8      | Noticed Pikel
  9331 | D:8      | Killed Pikel
  9623 | D:9      | Reached skill level 12 in Staves
 10029 | D:9      | Found a staircase to the Lair.
 10343 | D:10     | Entered Level 10 of the Dungeon
 10589 | D:10     | Reached XP level 12. HP: 79/89 MP: 13/13
 10632 | D:10     | Noticed Nergalle
 10669 | D:10     | Killed Nergalle
 10860 | D:10     | Reached ****** piety under Lugonu
 10867 | D:10     | Reached skill level 13 in Staves
 10958 | D:10     | Noticed Snorg
 10982 | D:10     | Killed Snorg
 11376 | D:11     | Noticed a two-headed ogre
 11389 | D:11     | Killed a two-headed ogre
 11641 | D:11     | Noticed Fannar
 11824 | D:11     | Killed Fannar
 12002 | D:11     | You fall into a shaft and drop 1 floor!
 12003 | D:12     | Found a flagged portal.
 13140 | D:12     | Found Guroiph's Antique Weapon Boutique.
 13715 | D:12     | Reached XP level 13. HP: 84/98 MP: 15/15
 13792 | D:12     | Reached skill level 14 in Staves
 13968 | D:12     | Found a staircase to the Orcish Mines.
 14407 | D:8      | Bought the +1 cloak of Starlight {rElec rC+ EV+4 Stlth--}
                  | for 534 gold pieces
 14407 | D:8      | Found the +1 cloak of Starlight {rElec rC+ EV+4 Stlth--}
 14804 | D:13     | Noticed a four-headed hydra
 14812 | D:13     | Killed a four-headed hydra
 15020 | D:13     | Found a shimmering altar of Xom.
 15080 | D:13     | Noticed a centaur warrior
 15087 | D:13     | Killed a centaur warrior
 15345 | D:13     | Noticed a centaur warrior
 15349 | D:13     | Killed a centaur warrior
 16006 | D:13     | Found a gate to the Vaults.
 16104 | D:13     | Found Hueduof's Armour Shop.
 16210 | D:14     | Reached skill level 15 in Staves
 16425 | D:14     | Noticed Louise
 16452 | D:14     | Cast into level 2 of the Abyss (Louise)
 16486 | D:14     | Escaped the Abyss
 16506 | D:14     | Killed Louise
 16506 | D:14     | Reached skill level 10 in Armour
 16622 | D:14     | Found Mah Isoi's Armour Shop.
 16640 | D:14     | Bought a +0 pair of boots for 58 gold pieces
 16641 | D:14     | Bought a cursed +0 pair of gloves for 19 gold pieces
 16648 | D:14     | Noticed Agnes
 16683 | D:14     | Killed Agnes
 16683 | D:14     | Reached XP level 14. HP: 46/108 MP: 16/16
 17432 | D:15     | Entered Level 15 of the Dungeon
 17878 | D:15     | Reached skill level 10 in Fighting
 17960 | D:15     | Found a staircase to the Depths.
 18389 | D:15     | Mangled by a titanic slime creature

Illustrated notes

Levels and vault maps discovered:
D:1:      dpeg_arrival_renting, layout_basic, minmay_distorted
D:2:      layout_loops_cross, riverfiend_overflow_shadow_ancestor,
          marbit_many_paths, uniq_sigmund, uniq_terence
D:3:      layout_loops_corners, nicolae_overflow_hidden_temple, tgw_sif
D:4:      layout_basic, serial_shops, nicolae_shop_behind_doors, first_ration,
          uniq_grinder, uniq_crazy_yiuf_cottage, uniq_ijyb
D:5:      layout_loops_ring, bloody_trog, minmay_temple_entry_antechambers,
          minmay_fractal_squares_5, uniq_duvessa
D:6:      layout_loops_corners, kennysheep_mini_moat,
          biasface_ghost_orc_armoury, serial_shops, shop
D:7:      layout_loops_cross, lemuel_doored_altar
D:8:      layout_rooms, serial_shops, shop, special_room [special_room_kobold],
          uniq_grum, uniq_pikel, uniq_psyche
D:9:      layout_irregular_city, lair_entry_dummy
D:10:     layout_basic, uniq_snorg, uniq_nergalle
D:11:     layout_loops_corners, grunt_pizzeria, uniq_fannar
D:12:     layout_basic, david_orc_4, serial_shops, shop, enter_bailey_3,
          minmay_lindwurm_lava
D:13:     layout_small_grid, hangedman_vaults_entry_quadrant_bands,
          serial_shops, kennysheep_little_box, amethyst_killhole,
          xom_confusion_cloud
D:14:     cheibrodos_orc_bank, layout_cave_pools, serial_shops, shop,
          chequers_serial_rivers_small_b, minivault_25_ag,
          chequers_serial_rivers_room_a, uniq_louise, uniq_agnes
D:15:     gammafunk_depths_entry_grave, layout_loops_ring, nrook_pool_corridor

Skill      XL: |  1  2  3  4  5  6  7  8  9 10 11 12 13 14 |
---------------+-------------------------------------------+-----
Maces & Flails | 4 |  4.8
Armour         | 3 5 6 7 8 9 10 | 10.8
Fighting       | 4 5 6 7 9 10 | 10.1
Axes           | 1 2 |  2.9
Dodging        | 3 4 5 6 7 8 9 |  9.2
Staves         | 4 7 10 12 13 15 | 15.8
Invocations    | 3 |  3.1
Stealth        | |  0.1
Shields        | |  0.2

Action                   |  1- 3 |  4- 6 |  7- 9 | 10-12 | 13-15 || total
-------------------------+-------+-------+-------+-------+-------++-------
Melee: Mace              |    90 |    43 |       |       |       ||   133
       Hand axe          |       |    80 |    70 |       |       ||   150
       Quarterstaff      |       |       |   209 |   501 |   416 ||  1126
       Lajatang          |       |       |    20 |   252 |   381 ||   653
       War axe           |       |       |       |   141 |       ||   141
Invok: Depart the Abyss  |     1 |       |       |       |     1 ||     2
       Bend Space        |       |       |       |     2 |     4 ||     6
Evoke: Wand              |       |       |     1 |     8 |    22 ||    31
       Tin of tremorston |       |       |       |     3 |       ||     3
       Phial of floods   |       |       |       |       |     1 ||     1
  Use: Scroll            |     7 |     4 |     8 |    11 |     6 ||    36
       Potion            |     1 |       |     4 |     8 |     5 ||    18
 Stab: Paralysed         |       |       |       |     5 |     4 ||     9
       Petrifying        |       |       |       |       |     5 ||     5
       Confused          |       |       |       |       |     2 ||     2
       Petrified         |       |       |       |       |     2 ||     2
  Eat: Chunk             |     2 |     3 |     6 |    13 |     8 ||    32
       Ration            |       |     1 |     2 |     3 |     2 ||     8
Armor: Leather armour    |    28 |       |       |       |       ||    28
       Ring mail         |    18 |     9 |       |       |       ||    27
       Chain mail        |       |    53 |   157 |   422 |   374 ||  1006
Dodge: Dodged            |    56 |    47 |    98 |   297 |   393 ||   891
Block: Buckler           |       |       |     4 |       |       ||     4
